PBL
CAROLINA WARHOUNDS @ MONTREAL EXPOS
06/30/2071
 
TOP OF THE 1ST
Carolina Warhounds batting - Pitching for Montreal Expos : RHP Jack Anderson
Pitching: RHP Jack Anderson
Batting: RHB John Pruitt 0-0: Called Strike
0-1: Ball
1-1: Ball
2-1: Foul Ball, location: 2F
2-2: SINGLE (Groundball, 4MD, EV 110.0 MPH)
Batting: LHB Christian Snow 0-0: Called Strike
0-1: Ball
1-1: Grounds into double play, 6-4-3 (Groundball, 6, EV 106.9 MPH)
Batting: RHB Lee Turner 0-0: Called Strike
0-1: Foul Ball, location: 9LMF
0-2: Ball
1-2: Ball
2-2: Strikes out swinging
Top of the 1st over - 0 runs, 1 hit, 0 errors, 0 left on base; Carolina 0 - Montreal 0
BOTTOM OF THE 1ST
Montreal Expos batting - Pitching for Carolina Warhounds : LHP Jim Ferrer
Pitching: LHP Jim Ferrer
Batting: RHB Henry Treleaven 0-0: Ball
1-0: Ball
2-0: Ball
3-0: Base on Balls
Batting: LHB Mike Downs 0-0: Swinging Strike
0-1: Ball
1-1: Fielders Choice at 2nd, 4-6 (Groundball, 34D, EV 97.5 MPH)
Batting: RHB Roy López 0-0: Ball
1-0: 2-RUN HOME RUN (Flyball, 9D, EV 96.9 MPH), Distance : 370 ft
Batting: RHB Pedro Bautista 0-0: Foul Ball, location: 9LDF
0-1: Called Strike
0-2: Strikes out swinging
Batting: RHB Andrew Martínez 0-0: Foul Ball, location: 2F
0-1: Called Strike
0-2: Foul Ball, location: 5F
0-2: SINGLE (Groundball, 25, EV 70.0 MPH) (infield hit)
Batting: RHB Ed Basset 0-0: Fielders Choice at 2nd, 5-4 (Groundball, 5, EV 78.8 MPH)
Bottom of the 1st over - 2 runs, 2 hits, 0 errors, 1 left on base; Carolina 0 - Montreal 2
TOP OF THE 2ND
Carolina Warhounds batting - Pitching for Montreal Expos : RHP Jack Anderson
Batting: LHB Jesse Lane 0-0: Ball
1-0: Ball
2-0: Called Strike
2-1: Foul Ball, location: 2F
2-2: Strikes out swinging
Batting: RHB Eric Brennan 0-0: Called Strike
0-1: Ground out 6-3 (Groundball, 6, EV 93.1 MPH)
Batting: RHB Santiago Barbosa 0-0: Called Strike
0-1: SINGLE (Groundball, 4MD, EV 110.6 MPH) (infield hit)
Batting: LHB Carlos Vega 0-0: Ball
1-0: Ball
2-0: Ball
3-0: Base on Balls
Santiago Barbosa to second
Batting: LHB Pong-su Mo 0-0: Called Strike
0-1: Ball
1-1: Ball
2-1: Foul Ball, location: 7LDF
2-2: Ball
3-2: Foul Ball, location: 3F
3-2: Foul Ball, location: 2RF
3-2: SINGLE (Groundball, 4MD, EV 96.9 MPH)
Santiago Barbosa to third
Carlos Vega to second
Santiago Barbosa scores
Carlos Vega to third
Batting: RHB Leonardo Canseco 0-0: Called Strike
0-1: SINGLE (Groundball, 6, EV 83.8 MPH)
Carlos Vega scores
Pong-su Mo to second
Batting: RHB John Pruitt 0-0: Foul Ball, location: 25F
0-1: Fielders Choice at 3rd, U5 (Groundball, 5L, EV 83.1 MPH)
Top of the 2nd over - 2 runs, 3 hits, 0 errors, 1 left on base; Carolina 2 - Montreal 2
BOTTOM OF THE 2ND
Montreal Expos batting - Pitching for Carolina Warhounds : LHP Jim Ferrer
Batting: RHB Tom Laird 0-0: Called Strike
0-1: Fly out, F8 (Flyball, 8RD, EV 103.8 MPH)
Batting: RHB Felipe Rivas 0-0: Ground out 5-3 (Groundball, 5S, EV 85.6 MPH)
Batting: LHB Armando Torres 0-0: Swinging Strike
0-1: Foul Ball, location: 5SF
0-2: Strikes out looking
Bottom of the 2nd over - 0 runs, 0 hits, 0 errors, 0 left on base; Carolina 2 - Montreal 2
TOP OF THE 3RD
Carolina Warhounds batting - Pitching for Montreal Expos : RHP Jack Anderson
Batting: LHB Christian Snow 0-0: Foul Ball, location: 9LMF
0-1: Foul Ball, location: 7LMF
0-2: Ball
1-2: Ground out 5-3 (Groundball, 56, EV 80.6 MPH)
Batting: RHB Lee Turner 0-0: Ground out 1-3 (Groundball, 13S, EV 73.1 MPH)
Batting: LHB Jesse Lane 0-0: Ball
1-0: SOLO HOME RUN (Flyball, 9D, EV 95.6 MPH), Distance : 373 ft
Batting: RHB Eric Brennan 0-0: Ball
1-0: Swinging Strike
1-1: Ball
2-1: SINGLE (Line Drive, 5D, EV 98.1 MPH)
Batting: RHB Santiago Barbosa 0-0: Fly out, F9 (Flyball, 89M, EV 88.1 MPH)
Top of the 3rd over - 1 run, 2 hits, 0 errors, 1 left on base; Carolina 3 - Montreal 2
BOTTOM OF THE 3RD
Montreal Expos batting - Pitching for Carolina Warhounds : LHP Jim Ferrer
Batting: RHB Henry Treleaven 0-0: Called Strike
0-1: SINGLE (Line Drive, 5L, EV 98.8 MPH)
Batting: LHB Mike Downs 0-0: Ball
1-0: Bunted foul
1-1: Foul Ball, location: 2F
1-2: Strikes out looking
Batting: RHB Roy López 0-0: Ball
Wild Pitch!
Henry Treleaven to second
1-0: Foul Ball, location: 9LMF
1-1: Foul Ball, location: 9LDF
1-2: Foul Ball, location: 9LDF
1-2: Ball
2-2: Foul Ball, location: 2F
2-2: Foul Ball, location: 9LDF
2-2: Fly out, F8 (Flyball, 8LM, EV 77.5 MPH)
Batting: RHB Pedro Bautista 0-0: Swinging Strike
0-1: Foul Ball, location: 2F
0-2: Fly out, F3 (Popup, 3F, EV 60.0 MPH)
Bottom of the 3rd over - 0 runs, 1 hit, 0 errors, 1 left on base; Carolina 3 - Montreal 2
TOP OF THE 4TH
Carolina Warhounds batting - Pitching for Montreal Expos : RHP Jack Anderson
Batting: LHB Carlos Vega 0-0: Called Strike
0-1: Swinging Strike
0-2: Strikes out swinging
Batting: LHB Pong-su Mo 0-0: Foul Ball, location: 2F
0-1: Swinging Strike
0-2: Strikes out looking
Batting: RHB Leonardo Canseco 0-0: Ball
1-0: Ball
2-0: Called Strike
2-1: Fly out, F8 (Flyball, 8RD, EV 79.4 MPH)
Top of the 4th over - 0 runs, 0 hits, 0 errors, 0 left on base; Carolina 3 - Montreal 2
BOTTOM OF THE 4TH
Montreal Expos batting - Pitching for Carolina Warhounds : LHP Jim Ferrer
Batting: RHB Andrew Martínez 0-0: Ball
1-0: Ball
2-0: Swinging Strike
2-1: Foul Ball, location: 5F
2-2: Foul Ball, location: 23F
2-2: Strikes out looking
Batting: RHB Ed Basset 0-0: Called Strike
0-1: Foul Ball, location: 9LDF
0-2: SOLO HOME RUN (Flyball, 9LD, EV 94.4 MPH), Distance : 337 ft
Batting: RHB Tom Laird 0-0: Ball
1-0: Foul Ball, location: 2F
1-1: Ball
2-1: Foul Ball, location: 5DF
2-2: Strikes out looking
Batting: RHB Felipe Rivas 0-0: Called Strike
0-1: Ball
1-1: Foul Ball, location: 5F
1-2: Ball
2-2: Ball
3-2: Base on Balls
Batting: LHB Armando Torres 0-0: Swinging Strike
0-1: Ball
1-1: Foul Ball, location: 2F
1-2: Foul Ball, location: 7LMF
1-2: Strikes out swinging
Bottom of the 4th over - 1 run, 1 hit, 0 errors, 1 left on base; Carolina 3 - Montreal 3
TOP OF THE 5TH
Carolina Warhounds batting - Pitching for Montreal Expos : RHP Jack Anderson
Batting: RHB John Pruitt 0-0: Called Strike
0-1: Called Strike
0-2: Ball
1-2: Foul Ball, location: 25F
1-2: Foul Ball, location: 2RF
1-2: Strikes out swinging
Batting: LHB Christian Snow 0-0: Ball
1-0: Foul Ball, location: 7LDF
1-1: Foul Ball, location: 2F
1-2: Ball
2-2: Ball
3-2: SINGLE (Line Drive, 8LS, EV 110.6 MPH)
Batting: RHB Lee Turner 0-0: Called Strike
0-1: Called Strike
Christian Snow steals 2nd base
0-2: Ball
1-2: SINGLE (Groundball, 6MD, EV 95.0 MPH)
Christian Snow to third
Runner from 3rd tries for Home, SAFE, throw by CF to home
Batting: LHB Jesse Lane 0-0: Called Strike
0-1: Swinging Strike
0-2: Fly out, F8 (Flyball, 8RXD, EV 106.3 MPH)
Batting: RHB Eric Brennan 0-0: Ball
1-0: Swinging Strike
1-1: Foul Ball, location: 7LSF
1-2: Foul Ball, location: 2F
1-2: Strikes out looking
Top of the 5th over - 1 run, 2 hits, 0 errors, 1 left on base; Carolina 4 - Montreal 3
BOTTOM OF THE 5TH
Montreal Expos batting - Pitching for Carolina Warhounds : LHP Jim Ferrer
Batting: RHB Henry Treleaven 0-0: Ball
1-0: Ball
2-0: Swinging Strike
2-1: Fly out, F7 (Line Drive, 78M, EV 100.0 MPH)
Batting: LHB Mike Downs 0-0: Foul Ball, location: 7LSF
0-1: Swinging Strike
0-2: Ball
1-2: Ball
2-2: Foul Ball, location: 7LMF
2-2: Strikes out swinging
Batting: RHB Roy López 0-0: Ball
1-0: Swinging Strike
1-1: Foul Ball, location: 5F
1-2: Strikes out swinging
Bottom of the 5th over - 0 runs, 0 hits, 0 errors, 0 left on base; Carolina 4 - Montreal 3
TOP OF THE 6TH
Carolina Warhounds batting - Pitching for Montreal Expos : RHP Jack Anderson
Batting: RHB Santiago Barbosa 0-0: Ball
1-0: Ground out 5-3 (Groundball, 56, EV 86.9 MPH)
Batting: LHB Carlos Vega 0-0: Fly out, F8 (Flyball, 8LS, EV 96.3 MPH)
Batting: LHB Pong-su Mo 0-0: Ball
1-0: Ball
2-0: Ball
3-0: Called Strike
3-1: Foul Ball, location: 2F
3-2: Fly out, F7 (Line Drive, 7, EV 95.0 MPH)
Top of the 6th over - 0 runs, 0 hits, 0 errors, 0 left on base; Carolina 4 - Montreal 3
BOTTOM OF THE 6TH
Montreal Expos batting - Pitching for Carolina Warhounds : LHP Jim Ferrer
Batting: RHB Pedro Bautista 0-0: Ball
1-0: Called Strike
1-1: Called Strike
1-2: Strikes out swinging
Batting: RHB Andrew Martínez 0-0: Ball
1-0: Called Strike
1-1: Ball
2-1: Ground out 4-3 (Groundball, 4, EV 105.0 MPH)
Batting: RHB Ed Basset 0-0: Foul Ball, location: 9LDF
0-1: Ground out 1-3 (Groundball, 13, EV 68.1 MPH)
Bottom of the 6th over - 0 runs, 0 hits, 0 errors, 0 left on base; Carolina 4 - Montreal 3
TOP OF THE 7TH
Carolina Warhounds batting - Pitching for Montreal Expos : RHP Jack Anderson
Batting: RHB Leonardo Canseco 0-0: Ball
1-0: Foul Ball, location: 2F
1-1: Foul Ball, location: 3F
1-2: Strikes out swinging
Batting: RHB John Pruitt 0-0: Ball
1-0: Ball
2-0: Ground out 5-3 (Groundball, 5L, EV 78.8 MPH)
Batting: LHB Christian Snow 0-0: Ball
1-0: Swinging Strike
1-1: DOUBLE (Line Drive, 7LD, EV 96.9 MPH)
Pitching: LHP Ernesto Rosa
Batting: RHB Lee Turner 0-0: Ball
1-0: Ball
2-0: Ball
3-0: Base on Balls
Batting: LHB Jesse Lane 0-0: Called Strike
0-1: Ball
1-1: Ball
2-1: Foul Ball, location: 3F
2-2: DOUBLE (Flyball, 8RXD, EV 99.4 MPH)
Christian Snow scores
Lee Turner to third
Batting: RHB Eric Brennan 0-0: Ball
1-0: Called Strike
1-1: Ball
2-1: Fly out, F2 (Popup, 5SF, EV 83.8 MPH)
Top of the 7th over - 1 run, 2 hits, 0 errors, 2 left on base; Carolina 5 - Montreal 3
BOTTOM OF THE 7TH
Montreal Expos batting - Pitching for Carolina Warhounds : LHP Jim Ferrer
Batting: RHB Tom Laird 0-0: Called Strike
0-1: Called Strike
0-2: Strikes out swinging
Batting: RHB Felipe Rivas 0-0: Ball
1-0: Called Strike
1-1: Foul Ball, location: 9LDF
1-2: Strikes out swinging
Batting: LHB Armando Torres 0-0: Ground out 4-3 (Groundball, 4, EV 80.0 MPH)
Bottom of the 7th over - 0 runs, 0 hits, 0 errors, 0 left on base; Carolina 5 - Montreal 3
TOP OF THE 8TH
Carolina Warhounds batting - Pitching for Montreal Expos : LHP Ernesto Rosa
Batting: RHB Santiago Barbosa 0-0: Ball
1-0: Ball
2-0: Fly out, F8 (Flyball, 78M, EV 85.0 MPH)
Batting: LHB Carlos Vega 0-0: Ball
1-0: Ball
2-0: SINGLE (Line Drive, 9S, EV 89.4 MPH)
Batting: LHB Pong-su Mo 0-0: Swinging Strike
0-1: Foul Ball, location: 2F
0-2: Ball
1-2: Ball
2-2: Foul Ball, location: 2F
2-2: Strikes out swinging
Batting: RHB Leonardo Canseco 0-0: Foul Ball, location: 2F
0-1: Swinging Strike
0-2: Ball
1-2: Strikes out swinging
Top of the 8th over - 0 runs, 1 hit, 0 errors, 1 left on base; Carolina 5 - Montreal 3
BOTTOM OF THE 8TH
Montreal Expos batting - Pitching for Carolina Warhounds : LHP Jim Ferrer
Pitching: RHP Tim Lovu
Now in RF: Josh Johnston
Batting: RHB Henry Treleaven 0-0: Hit by Pitch
Batting: LHB Mike Downs 0-0: Ball
1-0: Called Strike
1-1: Foul Ball, location: 2F
1-2: Foul Ball, location: 5FF
1-2: Ball
2-2: Ball
3-2: Foul Ball, location: 25FF
3-2: SINGLE (Line Drive, 5D, EV 96.9 MPH)
Henry Treleaven to second
Batting: RHB Roy López 0-0: Called Strike
0-1: Fly out, F7 (Flyball, 7, EV 87.5 MPH)
Batting: RHB Pedro Bautista 0-0: Foul Ball, location: 2F
0-1: DOUBLE (Flyball, 78D, EV 99.4 MPH)
Henry Treleaven scores
Mike Downs to third
Runner from 3rd tries for Home, SAFE, throw by CF to trailing runner, SAFE at third!
Pinch Hitting: SHB Paul Colbourne 0-0: DOUBLE (Line Drive, 78D, EV 91.9 MPH)
Pedro Bautista scores
Batting: RHB Ed Basset 0-0: Intentional Walk
Batting: RHB Tom Laird 0-0: Ground out 3-1 (Groundball, 34S, EV 75.6 MPH)
Paul Colbourne to third
Ed Basset to second
Batting: RHB Felipe Rivas 0-0: Ball
1-0: Called Strike
1-1: Foul Ball, location: 2F
1-2: Fly out, F9 (Line Drive, 9, EV 102.5 MPH)
Bottom of the 8th over - 3 runs, 3 hits, 0 errors, 2 left on base; Carolina 5 - Montreal 6
TOP OF THE 9TH
Carolina Warhounds batting - Pitching for Montreal Expos : LHP Ernesto Rosa
Pitching: RHP Larry LeGrange
Now in LF: Oscar Blackwell
Pinch Hitting: LHB Santiago Guillén 0-0: Called Strike
0-1: Swinging Strike
0-2: Ball
1-2: Ball
2-2: Ball
3-2: Ground out 1-3 (Groundball, 25, EV 68.8 MPH)
Batting: LHB Christian Snow 0-0: Swinging Strike
0-1: Swinging Strike
0-2: Ball
1-2: Foul Ball, location: 2F
1-2: Ground out 4-3 (Groundball, 34, EV 90.6 MPH)
Batting: RHB Lee Turner 0-0: Ball
1-0: Ball
2-0: Called Strike
2-1: Ground out 4-3 (Groundball, 4, EV 85.0 MPH)
Top of the 9th over - 0 runs, 0 hits, 0 errors, 0 left on base; Carolina 5 - Montreal 6
Saturday, April 27th , 2024 - OOTP Baseball 24.10 Build 82